 Dungeon Crawl Stone Soup version 0.31.0-10-gcf4a605ca0 (webtiles) character file.

Game seed: 252500240389640401

181 Gadfly the Ruffian (level 5, -2/41 HPs)
             Began as a Draconian Shapeshifter on Jan 26, 2024.
             Slain by Duvessa
             ... wielding a +0 short sword
              (9 damage)
             ... on level 4 of the Dungeon.
             The game lasted 00:04:01 (2463 turns).

Gadfly the Ruffian (Draconian Shapeshifter)         Turns: 2463, Time: 00:04:02

Health: -2/41      AC:  5    Str: 15 (17) XL:     5   Next: 34%
Magic:  5/5        EV: 12    Int:  7 (10) God:
Gold:   137        SH:  0    Dex: 11 (12) Spells: 4/4 levels left

rFire   . .          .
                       - Unarmed
rCold   . . .        (no shield)
rNeg    . . .        (body armour unavailable)
rPois   .            (helmet currently unavailable)
rElec   .            (cloak currently unavailable)
rCorr   .            (gloves currently unavailable)
SInv    .            (boots currently unavailable)
Will    .....        (no amulet)
Stlth   +            (no ring)
HPRegen 0.26/turn    (no ring)
MPRegen 0.09/turn

%: no passive effects
@: beast-form
A: beast (slay +2), AC +5, unfitting armour, cold-blooded
a: Begin Untransformation


You were on level 4 of the Dungeon.
You were a hulking beast.
You visited 1 branch of the dungeon, and saw 4 of its levels.

You collected 137 gold pieces.

Inventory:

Talismans
 b - a beast talisman
 c - a flux talisman
Wands
 f - a wand of paralysis (9)
 i - a wand of polymorph (7) (quivered)
Potions
 a - a potion of lignification
 d - 2 potions of attraction {unknown}
 e - a potion of cancellation
 g - a potion of curing {unknown}
 h - a potion of invisibility {unknown}


   Skills:
 + Level 2.1 Fighting
 * Level 2.7 Dodging
 * Level 3.9 Unarmed Combat
 * Level 2.1 Evocations
 * Level 3.7 Shapeshifting


You had 4 spell levels left.
You didn't know any spells.
Your spell library contained the following spells:

 Spells                   Type           Power      Damage    Failure   Level
 Sting                    Conj/Alch      0%         1d3       43%         1
 Mercury Vapours          Alch/Air       0%         N/A       56%         2
 Olgreb's Toxic Radiance  Alch           0%         N/A       99%         4


Dungeon Overview and Level Annotations

Branches:
Dungeon (4/15)
 Temple: D:4-7

Altars:
Qazlal
Yredelemnul

Shops:
D:3 *:===

Annotations:
D:3 2 transporters, peterlawrence's ghost, amateur MiFi
D:4 Dowan; Duvessa


Innate Abilities, Weirdness & Mutations

You are a hulking beast.
Your limbs bulge with bestial killing power. (Slay +2)
Your plain brown scales are hard. (AC +5)
You cannot fit into any form of body armour.
You are cold-blooded and may be slowed by cold attacks.


Message History

The helpless Duvessa fails to defend herself.
You hit Duvessa but do no damage.
Duvessa is heavily wounded.
The helpless Duvessa fails to defend herself.
You hit Duvessa but do no damage.
Duvessa is heavily wounded.
The helpless Duvessa fails to defend herself.
You hit Duvessa but do no damage. You punch Duvessa.
Duvessa is heavily wounded.
The helpless Duvessa fails to defend herself.
You hit Duvessa but do no damage.
Duvessa is heavily wounded.
The helpless Duvessa fails to defend herself.
You hit Duvessa. You punch Duvessa, but do no damage.
Duvessa is severely wounded.
The helpless Duvessa fails to defend herself.
You hit Duvessa.
You tail-slap Duvessa, but do no damage.
Duvessa is severely wounded.
The helpless Duvessa fails to defend herself.
You hit Duvessa but do no damage.
Duvessa is severely wounded.
The helpless Duvessa fails to defend herself.
You punch Duvessa! You punch Duvessa, but do no damage.
Duvessa is almost dead.
The helpless Duvessa fails to defend herself.
You hit Duvessa but do no damage.
Duvessa is almost dead.
Duvessa is no longer paralysed.
Duvessa hits you with a +0 short sword!
* * * LOW HITPOINT WARNING * * *
Duvessa hits you with a +0 short sword.
* * * LOW HITPOINT WARNING * * *
You hit Duvessa but do no damage.
Duvessa is almost dead.
Duvessa hits you with a +0 short sword.
* * * LOW HITPOINT WARNING * * *
You hit Duvessa but do no damage.
Duvessa is almost dead.
Duvessa hits you with a +0 short sword!
You die...

#.....#...#
#.....#...#
#.....'...+
#.....#####.
#............
######.>..........
#....#............
#....eSS..........
#...h#S...........
#....#............
#....#.>...##+##..
#### ##....#.....#
##......#.....#.....#
+.......#.....#.....#
#...)...##....#.....#
#......##....#
#......##....#


You could see Duvessa (fast) and 2 ball pythons.

Vanquished Creatures
  A centaur zombie (D:3)
  Ijyb (D:3)
  A hound zombie (D:3)
  6 adders
  An adder zombie (D:3)
  A ribbon worm (D:3)
  A dart slug (D:3)
  2 bats
  6 endoplasms
  3 goblins
  4 hobgoblins
  3 quokkas
  7 ball pythons
  2 frilled lizards
  A giant cockroach zombie (D:3)
  7 kobolds
  4 rats
51 creatures vanquished.

Notes
Turn   | Place    | Note
-------+----------+-------------------------------------------
     0 | D:1      | Gadfly the Draconian Shapeshifter began the quest for the
                  | Orb.
     0 | D:1      | Reached XP level 1. HP: 16/16 MP: 1/1
   187 | D:1      | Reached XP level 2. HP: 22/23 MP: 2/2
   611 | D:1      | Found a faded altar of an unknown god.
   618 | D:1      | Reached skill level 1 in Evocations
   952 | D:2      | Reached XP level 3. HP: 21/28 MP: 3/3
  1403 | D:2      | Found a stormy altar of Qazlal.
  1667 | D:3      | Noticed Ijyb
  1696 | D:3      | Killed Ijyb
  1697 | D:3      | Reached XP level 4. HP: 27/36 MP: 4/4
  1863 | D:3      | Found Xohieferu's Jewellery Boutique.
  1937 | D:3      | Reached XP level 5. HP: 39/41 MP: 5/5
  1950 | D:3      | Found Ixoatz's General Store.
  1968 | D:3      | Found a transporter.
  1969 | D:3      | Found Awophe's Jewellery Shop.
  1969 | D:3      | Noticed peterlawrence's ghost (amateur MiFi)
  1969 | D:3      | Noticed an ogre
  1970 | D:3      | Noticed an ogre
  1972 | D:3      | Noticed an ogre
  1979 | D:3      | Found a transporter.
  2104 | D:3      | Found Luaxtouf's Jewellery Shop.
  2185 | D:3      | Found a basalt altar of Yredelemnul.
  2320 | D:3      | Found Gecsaibi's Book Emporium.
  2422 | D:4      | Noticed Dowan
  2423 | D:4      | Noticed Duvessa
  2463 | D:4      | Slain by Duvessa

Illustrated notes

Levels and vault maps discovered:
D:1:      wander_arrival_peaceful_grave, layout_loops_ring,
          ebering_ecumenical_altar_sacrificial, chequers_serial_rivers_micro_a
D:2:      layout_loops_corners, basic_altar
D:3:      layout_basic, nicolae_yredelemnul_corpse_copse, serial_curves,
          eino_curves_03, eino_curves_03, gammafunk_ghost_smash, serial_shops,
          shop, nicolae_shop_tiny_real_fake_doors, nicolae_diamond_shop,
          nicolae_diamond_shop, nicolae_shop_tiny_waterfront,
          minmay_crystal_water, uniq_ijyb
D:4:      layout_gridville, cheibriados_altar_1, uniq_duvessa

Skill      XL: |  1  2  3  4 |
---------------+-------------+-----
Dodging        | 2 |  2.7
Evocations     | 1 2 |  2.1
Fighting       | 2 |  2.1
Unarmed Combat | |  3.9
Shapeshifting  | |  3.7

Action                     |  1- 3 |  4- 6 || total
---------------------------+-------+-------++-------
  Melee: Unarmed           |   137 |    95 ||   232
         Tailslap          |    10 |     7 ||    17
         Punch             |       |     5 ||     5
  Evoke: Wand              |       |     1 ||     1
    Use: Scroll            |     5 |     1 ||     6
         Potion            |       |     1 ||     1
   Stab: Sleeping          |       |     1 ||     1
         Paralysed         |       |    12 ||    12
 Armour: Skin              |    68 |    73 ||   141
  Dodge: Dodged            |    75 |    70 ||   145
